 Dungeon Crawl Stone Soup version 0.26-b1-32-g5d43845 (webtiles) character file.

Game seed: 3302365520257865665

244498 MercyWheel the Executioner (level 19, 0/169 (184) HPs)
             Began as a Minotaur Berserker on Jan 10, 2021.
             Was the Champion of Trog.
             Killed by vampiric draining
             ... invoked by a deep elf death mage
              (14 damage)
             ... on level 3 of the Elven Halls.
             The game lasted 02:35:27 (41968 turns).

MercyWheel the Executioner (Minotaur Berserker)    Turns: 41968, Time: 02:35:29

HP:   0/169 (184)   AC: 17    Str: 28    XL:     19   Next: 15%
MP:   18/18         EV: 23    Int:  8    God:    Trog [******]
Gold: 3109          SH: 15    Dex: 21    Spells: 18/18 levels left

rFire    . . .     SeeInvis +   U - +8 hand axe "Zirphueqe" {vorpal, rC+ Will+++ Stlth-}
rCold    + . .     Faith    +   T - +0 kite shield {reflect}
rNeg     . . .     Spirit   .   G - +6 scale mail of Shrieking Mirth {Dex+6}
rPois    +         Reflect  +   (helmet restricted)
rElec    .         Harm     .   N - +1 cloak {rPois}
rCorr    .         Rampage  .   R - +0 pair of gloves {Str+3}
Will     +++++                  Q - -2 pair of boots "Suzut" {Dex+4 Slay+3}
Stlth    ..........             y - amulet of faith
HPRegen  1.38/turn              A - ring of see invisible
MPRegen  0.16/turn              K - +4 ring of slaying

@: berserk cooldown, regenerating, slowed, drained, very slow
A: retaliatory headbutt, horns 2, deformed body, no potion heal 1
}: 1/15 runes: gossamer
a: Renounce Religion, Berserk, Trog's Hand, Brothers in Arms


You were on level 3 of the Elven Halls.
You worshipped Trog.
Trog was exalted by your worship.
You visited 6 branches of the dungeon, and saw 31 of its levels.
You visited the Abyss 1 time.
You also visited: Sewer.

You collected 3694 gold pieces.
You spent 585 gold pieces at shops.

Inventory:

Hand Weapons
 o - a +3 battleaxe of flaming
 r - a +7 hand axe of flaming
 U - the +8 hand axe "Zirphueqe" (weapon) {vorpal, rC+ Will+++ Stlth-}
   (Trog gifted it to you on level 2 of the Abyss)

   It inflicts extra damage upon your enemies.
   It protects you from cold.
   It affects your willpower, your defense against some magical effects.
   It makes you less stealthy.
 V - a +5 antimagic war axe
 Z - the +0 hand crossbow of Greed {elec, rPois Int+4}
   (You found it on level 3 of the Elven Halls)

   It charges the ammunition it shoots with electricity; occasionally upon a
   hit, such missiles may discharge and cause terrible harm.
   It affects your intelligence (+4).
   It protects you from poison.
Missiles
 C - 11 javelins
 L - 166 bolts
 W - 12 silver boomerangs (quivered)
Armour
 a - the +1 chain mail "Reyst" {*Corrode rElec rF+++}
   (You took it off a deep elf blademaster on level 3 of the Elven Halls)

   It renders you almost immune to fire.
   It insulates you from electricity.
   It may corrode you when you take damage.
 b - the +4 ring mail of Knowledge {Rampage rN+}
   (You found it on level 2 of the Lair of Beasts)

   It protects you from negative energy.
   It bestows one free step when moving towards enemies.
 g - a +2 ring mail of fire resistance
 m - the +5 ring mail of Compression {rPois rN+}
   (You found it on level 1 of the Elven Halls)

   It protects you from poison.
   It protects you from negative energy.
 n - a +3 scale mail of cold resistance
 D - a +2 tower shield
 G - the +6 scale mail of Shrieking Mirth (worn) {Dex+6}
   (You found it on level 2 of the Lair of Beasts)

   It affects your dexterity (+6).
 N - a +1 cloak of poison resistance (worn)
 Q - the -2 pair of boots "Suzut" (worn) {Dex+4 Slay+3}
   (You found it on level 9 of the Dungeon)

   It affects your dexterity (+4).
   It affects your accuracy and damage with ranged weapons and melee attacks
   (+3).
 R - a +0 pair of gloves of strength (worn)
 S - a +1 buckler of fire resistance
 T - a +0 kite shield of reflection (worn)
Jewellery
 e - the ring of Patience {rC+ Int+6}
   (You found it on level 1 of the Spider Nest)

   [ring of intelligence]

   It affects your intelligence (+6).
   It protects you from cold.
 q - an uncursed ring of flight
 y - an amulet of faith (around neck)
 A - a ring of see invisible (left hand)
 K - a +4 ring of slaying (right hand)
 X - the ring "Wateal" {rElec Will+}
   (You bought it in a shop on level 2 of the Elven Halls)

   [ring of willpower]

   It insulates you from electricity.
   It affects your willpower, your defense against some magical effects.
Wands
 I - a wand of disintegration (7)
 M - a wand of random effects (19)
 O - a wand of iceblast (57)
 P - a wand of acid (16)
 Y - a wand of paralysis (29)
Scrolls
 d - 5 scrolls of enchant armour
 f - 12 scrolls of remove curse
 k - 21 scrolls of teleportation
 l - 8 scrolls of fear
 p - 9 scrolls of magic mapping
 s - 7 scrolls of identify
 u - 3 scrolls of enchant weapon
 E - a scroll of blinking
 H - 3 scrolls of fog
Potions
 c - 3 potions of attraction
 h - 4 potions of flight
 i - a potion of haste
 j - 6 potions of resistance
 v - 8 potions of curing
 w - 8 potions of might
 z - 3 potions of mutation
 F - 5 potions of heal wounds
Miscellaneous
 t - a phial of floods
 x - a lightning rod (4/4)
 B - a phantom mirror
 J - a box of beasts


   Skills:
 + Level 19.9 Fighting
 - Level 21.0 Axes
 - Level 1.0(14.3) Maces & Flails
 - Level 15.2 Armour
 - Level 15.0 Dodging
 - Level 15.1 Shields
 - Level 11.1 Evocations


You had 18 spell levels left.
You didn't know any spells.
Your spell library was empty.

Dungeon Overview and Level Annotations

Branches:
Dungeon (15/15)            Temple (0/1) D:7            Lair (6/6) D:9
 Shoals (1/4) Lair:3       Spider (4/4) Lair:3        Slime (0/5) Lair:6
    Orc (2/2) D:11            Elf (3/3) Orc:2        Depths (0/5) D:15
  Sewer (visited)
 Vaults: D:13-14

Altars:
Dithmenos
Elyvilon
Fedhas
Gozag
Okawaru
Sif Muna
Vehumet
Wu Jian
Xom
Zin
The Shining One
Jiyva
Lugonu

Shops:
D:9 :   D:12 ?   D:14 *   D:15 }   Orc:2 !(?}   Elf:2 }=}}

Portals:
Abyss: Orc:2

Annotations:
D:9 exclusion: downstairs
D:10 exclusion: downstairs
Lair:5 exclusion: downstairs
Spider:2 exclusion: downstairs
Spider:3 exclusion: 2 downstairs
Spider:4 3 runed translucent doors, Caerwyn's ghost, adept VSFi; thesequoiad's ghost, adept MiFi
Elf:3 2 transporters, MercyWheel's ghost, adept DsGl


Innate Abilities, Weirdness & Mutations

You reflexively headbutt those who attack you in melee.
You have a pair of horns on your head.
Armour fits poorly on your strangely shaped body.
Potions are less effective at restoring your health.


Message History

The deep elf death mage is severely wounded.
Unknown command.
You slash the deep elf death mage!
The deep elf death mage is almost dead.
You are no longer berserk.
You are exhausted.
You feel yourself slow down.
The deep elf master archer shoots an arrow.
You reflect the arrow off your +0 kite shield of reflection!
The arrow hits the deep elf master archer!
You block the deep elf death mage's attack.
Evoke which item? (* to show all) (? for menu, Esc to quit)
Okay, then.
Your system partially rejects the healing.
You feel much better.
The deep elf master archer shoots an arrow.
The arrow hits you!!
* * * LOW HITPOINT WARNING * * *
The deep elf death mage is infused with unholy energy.
You die...

.................#.#
................##.#
######..######.###.#
#...≈≈..≈≈...#.# #.#
....≈≈..≈≈.....###.#
#...≈≈..≈≈...###(..#
#...≈≈..≈≈...# #)..#
######)(###### #)(.#
######(.# #@###
.(..##)(##?=.$}e:))#
...)##..##|)$)).e))#
}.).##..##!)[[[)[)(#
./..##..##:)[[().}|#
######≈≈############
#(≈#
######(≈##########
.....)(..........#####


You could see a deep elf master archer and a deep elf death mage.

Vanquished Creatures
  Bai Suzhen (Spider:4)
  Asterion (Spider:4)
  3 deep elf blademasters
  A deep elf master archer (Elf:3)
  Donald (Orc:2)
  Roxanne (Spider:4)
  4 ghost moths
  A deep elf sorcerer (Elf:3)
  Louise (Spider:3)
  10 emperor scorpions
  3 deep elf elementalists (Elf:3)
  5 deep elf demonologists
  A dire elephant (Lair:6)
  A deep elf annihilator (Elf:2)
  3 entropy weavers
  4 deep elf death magi (Elf:3)
  Snorg (D:12)
  Erolcha (D:11)
  A rakshasa (Abyss:2)
  2 deep elf high priests (Elf:3)
  7 hydras
  8 boulder beetles
  Erica (D:8)
  3 centaur warriors
  A catoblepas (Lair:6)
  5 two-headed ogres
  28 dancing weapons
  A deep troll shaman (Lair:6)
  11 death yaks
  A vampire mage (D:15)
  6 orc high priests
  A queen ant (Lair:2)
  Urug (D:11)
  A wretched star (Abyss:2)
  18 deep elf knights
  A shadow wraith (Abyss:2)
  A skeletal warrior (D:15)
  5 unseen horrors
  13 deep elf archers
  A lindwurm (Lair:6)
  8 orc knights (Orc:2)
  A necromancer (D:15)
  A wolf spider zombie (D:12)
  27 wolf spiders
  4 fauns (Shoals:1)
  A shadow dragon skeleton (D:15)
  4 oklob plants (Lair:2)
  18 orb spiders
  63 deep elf magi
  15 ugly things
  4 manticores
  13 elephants
  2 moths of wrath
  A stone giant zombie (D:15)
  Maurice (D:8)
  4 black mambas
  A water nymph (Shoals:1)
  An elephant (shapeshifter) (Elf:3)
  A gargoyle (D:15)
  19 cane toads
  3 centaur skeletons
  5 torpor snails
  A spriggan zombie (D:15)
  5 rime drakes
  20 komodo dragons
  A guardian mummy (D:15)
  12 demonic crawlers
  2 tengu conjurers (D:13)
  8 trolls
  A merfolk (Shoals:1)
  8 polar bears
  A meliai (shapeshifter) (Elf:2)
  Grinder (D:4)
  32 jumping spiders
  5 hornets
  Prince Ribbit (D:8)
  4 slime creatures (D:11)
  A wind drake (Lair:3)
  14 dream sheep
  16 blink frogs
  3 air elementals
  A spriggan (Lair:4)
  58 redbacks
  A large abomination (Abyss:2)
  A ynoxinul (Abyss:2)
  23 tarantellas
  A water elemental (Elf:2)
  A deep troll skeleton (D:15)
  4 wraiths
  42 yaks
  2 vampires
  A human (shapeshifter) (Elf:3)
  2 basilisks
  4 fire elementals
  5 wyverns
  7 vampire mosquitoes
  2 chaos spawn (Abyss:2)
  Grum (D:11)
  3 acid dragons
  20 soldier ants (Lair:2)
  A warg (Orc:1)
  8 water moccasins
  8 sky beasts
  A hornet zombie (D:12)
  38 orc warriors
  4 ice beasts
  8 black bears
  2 necrophages
  An eye of draining (D:12)
  3 phantoms
  12 ogres
  3 small abominations (Abyss:2)
  28 wolves
  15 centaurs
  2 big kobolds
  21 bullfrogs
  A wyvern zombie (D:11)
  4 earth elementals
  3 wyvern skeletons
  7 scorpions
  15 killer bees (D:13)
  A killer bee (shapeshifter) (Elf:1)
  17 wights
  3 electric eels
  A bullfrog zombie (D:9)
  A howler monkey (D:14)
  6 centaur zombies
  2 quasits
  13 orc wizards
  4 bullfrog skeletons
  33 orc priests
  12 hounds
  3 jellies
  28 worker ants
  4 iguanas
  A hound skeleton (D:4)
  A howler monkey zombie (D:7)
  Robin (D:4)
  26 adders
  4 river rats (Sewer)
  3 gnolls (D:9)
  3 white imps
  A worker ant simulacrum (D:9)
  2 ufetubi
  2 oozes
  An adder skeleton (D:6)
  2 worms
  5 dart slugs
  7 leopard geckos
  86 orcs
  8 giant cockroaches
  10 hobgoblins
  10 jackals
  A quokka (D:10)
  9 ball pythons
  4 bats
  6 frilled lizards
  17 goblins
  A jackal skeleton (D:5)
  A jackal zombie (D:8)
  21 kobolds
  A quokka skeleton (D:4)
  A quokka zombie (D:10)
  36 rats
  A lurking horror (Orc:2)
1257 creatures vanquished.

Vanquished Creatures (collateral kills)
  Rupert (Lair:3)
  A hydra (Lair:2)
  A death yak (Lair:6)
  A deep elf archer (Elf:2)
  2 wolf spiders (Spider:1)
  A deep elf mage (Elf:2)
  4 elephants (Lair:3)
  2 orb spiders (Spider:1)
  2 jumping spiders (Spider:1)
  A blink frog (Lair:4)
  2 redbacks (Spider:1)
  3 tarantellas
  A yak (Lair:2)
  A basilisk (Lair:3)
23 creatures vanquished.

Vanquished Creatures (others)
  A hydra (Lair:6)
  3 deep elf knights
  A jumping spider (Spider:4)
  3 redbacks
  A leopard gecko (D:9)
  A bush (Lair:5)
  41 fungi
  A lurking horror (Abyss:2)
  44 plants
  3 withered plants (D:15)
99 creatures vanquished.

Grand Total: 1379 creatures vanquished

Notes
Turn   | Place    | Note
-------+----------+-------------------------------------------
     0 | D:1      | MercyWheel the Minotaur Berserker began the quest for the
                  | Orb.
     0 | D:1      | Reached XP level 1. HP: 19/19 MP: 0/0
   310 | D:1      | Reached skill level 4 in Axes
   399 | D:1      | Reached XP level 2. HP: 26/26 MP: 1/1
   726 | D:1      | Reached skill level 5 in Axes
   986 | D:2      | Reached XP level 3. HP: 31/31 MP: 2/2
  1000 | D:2      | Reached ** piety under Trog
  1065 | D:2      | Found a shadowy altar of Dithmenos.
  1137 | D:2      | Reached skill level 1 in Shields
  1361 | D:2      | Reached XP level 4. HP: 37/39 MP: 3/3
  1967 | D:3      | Reached XP level 5. HP: 40/45 MP: 4/4
  2397 | D:3      | Found a glowing silver altar of Zin.
  2397 | D:3      | Found a glowing golden altar of the Shining One.
  2397 | D:3      | Found a white marble altar of Elyvilon.
  2416 | D:3      | Found a shimmering blue altar of Sif Muna.
  2470 | D:3      | Reached *** piety under Trog
  2869 | D:4      | Noticed Grinder
  2870 | D:4      | Paralysed by Grinder for 7 turns
  2889 | D:4      | Killed Grinder
  2890 | D:4      | Reached skill level 7 in Axes
  2890 | D:4      | Reached XP level 6. HP: 12/51 MP: 5/5
  3268 | D:4      | Noticed Robin
  3282 | D:4      | Killed Robin
  3421 | D:4      | Reached skill level 8 in Axes
  3512 | D:4      | Found an opulent altar of Gozag.
  3553 | D:4      | Reached XP level 7. HP: 46/57 MP: 6/6
  3921 | D:4      | Reached skill level 9 in Axes
  3942 | D:5      | Entered Level 5 of the Dungeon
  4163 | D:5      | Reached **** piety under Trog
  4272 | D:5      | Reached skill level 5 in Fighting
  4483 | D:5      | Found a blossoming altar of Fedhas.
  4868 | D:6      | Found a white marble altar of Elyvilon.
  4909 | D:6      | Reached XP level 8. HP: 71/71 MP: 7/7
  5143 | D:6      | Found a glowing drain.
  5147 | Sewer    | Entered a sewer
  5171 | Sewer    | Reached skill level 5 in Armour
  5459 | Sewer    | Reached ***** piety under Trog
  5475 | Sewer    | Reached skill level 5 in Shields
  5811 | D:6      | Found a radiant altar of Vehumet.
  6055 | D:7      | Reached XP level 9. HP: 77/79 MP: 8/8
  6325 | D:7      | Reached skill level 1 in Evocations
  6645 | D:7      | Found a staircase to the Ecumenical Temple.
  7055 | D:8      | Noticed Prince Ribbit
  7061 | D:8      | Noticed Erica
  7066 | D:8      | Killed Prince Ribbit
  7077 | D:8      | Killed Erica
  7078 | D:8      | Reached skill level 10 in Shields
  7399 | D:8      | Noticed a two-headed ogre
  7417 | D:8      | Killed a two-headed ogre
  7418 | D:8      | Reached skill level 10 in Axes
  7418 | D:8      | Reached XP level 10. HP: 32/86 MP: 9/9
  7556 | D:8      | Noticed Maurice
  7571 | D:8      | Killed Maurice
  7572 | D:8      | Reached skill level 11 in Axes
  7633 | D:8      | Found a shimmering altar of Xom.
  7846 | D:9      | Found an iron altar of Okawaru.
  8103 | D:9      | Reached skill level 12 in Axes
  8256 | D:9      | Found a staircase to the Lair.
  8295 | D:9      | Reached skill level 1 in Maces & Flails
  8298 | D:9      | Got a pair of heavily runed boots
  8309 | D:9      | Identified the -2 pair of boots "Suzut" {Dex+4 Slay+3} (You
                  | found it on level 9 of the Dungeon)
  8346 | D:9      | Found Kup Gubb's Book Emporium.
  8602 | D:9      | Found an ornate altar of the Wu Jian Council.
  8602 | D:9      | Found a shadowy altar of Dithmenos.
  8649 | D:10     | Entered Level 10 of the Dungeon
  8821 | D:10     | Reached skill level 13 in Axes
  8883 | D:10     | Found a white marble altar of Elyvilon.
  9346 | D:10     | Reached XP level 11. HP: 88/94 MP: 10/10
  9425 | D:10     | Reached skill level 14 in Axes
  9490 | Lair:1   | Entered Level 1 of the Lair of Beasts
  9926 | Lair:1   | Reached skill level 10 in Fighting
 10208 | Lair:1   | Reached skill level 15 in Axes
 10219 | Lair:1   | Received a gift from Trog
 10663 | Lair:1   | Reached skill level 16 in Axes
 11179 | Lair:2   | Noticed a queen ant
 11192 | Lair:2   | Reached XP level 12. HP: 106/106 MP: 11/11
 11196 | Lair:2   | Killed a queen ant
 11747 | Lair:2   | Noticed a five-headed hydra
 11758 | Lair:2   | Reached skill level 5 in Dodging
 11760 | Lair:2   | Killed a ten-headed hydra
 11779 | Lair:2   | Got a crude scale mail
 11797 | Lair:1   | Identified the +6 scale mail of Shrieking Mirth {Dex+6}
                  | (You found it on level 2 of the Lair of Beasts)
 12168 | Lair:2   | Got a steaming arbalest
 12174 | Lair:2   | Identified the cursed +1 arbalest of the Ten Wars {speed,
                  | Fragile rElec Int+5 SInv} (You found it on level 2 of the
                  | Lair of Beasts)
 12212 | Lair:2   | Got a faintly glowing ring mail
 12223 | Lair:2   | Identified the +4 ring mail of Knowledge {Rampage rN+} (You
                  | found it on level 2 of the Lair of Beasts)
 12542 | Lair:3   | Noticed Rupert
 12544 | Lair:3   | Paralysed by Rupert for 4 turns
 12559 | Lair:3   | Killed Rupert
 12699 | Lair:3   | Got a steaming robe
 12730 | Lair:2   | Identified the +2 robe of Hedging {rC+ Str+3} (You found it
                  | on level 3 of the Lair of Beasts)
 12844 | Lair:3   | Found a staircase to the Shoals.
 12862 | Lair:3   | Reached skill level 10 in Armour
 13093 | Lair:3   | Received a gift from Trog
 13188 | Lair:3   | Reached XP level 13. HP: 114/114 MP: 12/12
 13436 | Lair:3   | Found a hole to the Spider Nest.
 15021 | Lair:5   | Reached skill level 10 in Dodging
 15139 | Lair:5   | Reached skill level 5 in Evocations
 15274 | Lair:5   | You fall into a shaft and drop 1 floor!
 15274 | Lair:6   | Entered Level 6 of the Lair of Beasts
 15438 | Lair:5   | Reached XP level 14. HP: 101/129 MP: 13/13
 15666 | Lair:5   | Received a gift from Trog
 16369 | Lair:6   | Reached skill level 15 in Fighting
 16547 | Lair:6   | Found a viscous altar of Jiyva.
 16548 | Lair:6   | Found a staircase to the Slime Pits.
 17620 | Lair:6   | Got an iridescent flail
 17621 | Lair:6   | Identified the cursed +1 flail "Cosets" {protect, MP+9
                  | Str+4} (You found it on level 6 of the Lair of Beasts)
 17879 | D:11     | Noticed Erolcha
 17883 | D:11     | Found a staircase to the Orcish Mines.
 17887 | D:11     | Killed Erolcha
 17907 | D:11     | Noticed Grum
 18309 | D:11     | Killed Grum
 18629 | D:11     | Noticed Urug
 18648 | D:11     | Killed Urug
 19003 | D:12     | Received a gift from Trog
 19316 | D:12     | Noticed Snorg
 19333 | D:12     | Killed Snorg
 19683 | D:12     | You fall into a shaft and drop 3 floors!
 19683 | D:15     | Entered Level 15 of the Dungeon
 19707 | D:15     | Reached XP level 15. HP: 144/144 MP: 4/14
 19781 | D:14     | Found Itzis's General Store.
 20599 | D:13     | Received a gift from Trog
 20896 | D:13     | Reached skill level 17 in Axes
 21307 | D:12     | Found Fymno's Magic Scroll Shop.
 21669 | D:12     | Reached ****** piety under Trog
 21778 | Orc:1    | Entered Level 1 of the Orcish Mines
 21796 | Orc:1    | Received a gift from Trog
 22028 | Orc:2    | Entered Level 2 of the Orcish Mines
 22112 | Orc:2    | Noticed Donald
 22148 | Orc:2    | Killed Donald
 22223 | Orc:2    | Found a staircase to the Elven Halls.
 22505 | Orc:2    | Found a one-way gate to the infinite horrors of the Abyss.
 22511 | Orc:2    | Found a corrupted altar of Lugonu.
 23188 | Orc:2    | Received a gift from Trog
 23779 | Orc:2    | Found Xetwus's Magic Scroll Shoppe.
 23780 | Orc:2    | Found Kiusamoz's Antique Weapon Emporium.
 23780 | Orc:2    | Found Tauquwn's Distillery.
 23783 | Orc:2    | Found Ycefit's Gadget Shoppe.
 23912 | Elf:1    | Entered Level 1 of the Elven Halls
 24138 | Elf:1    | Reached skill level 15 in Shields
 24163 | Elf:1    | Received a gift from Trog
 24209 | Elf:1    | Reached XP level 16. HP: 151/151 MP: 5/15
 24391 | Elf:1    | Identified a scroll of acquirement
 24392 | Elf:1    | Acquired a manual of Axes
 24475 | Elf:1    | Reached skill level 18 in Axes
 24883 | Elf:1    | Got a fine ring mail
 24894 | Elf:1    | Identified the +5 ring mail of Compression {rPois rN+} (You
                  | found it on level 1 of the Elven Halls)
 25240 | Elf:2    | Reached skill level 19 in Axes
 25245 | Elf:2    | Received a gift from Trog
 25488 | Elf:2    | Reached skill level 20 in Axes
 25875 | Elf:2    | Found Pugox's Gadget Boutique.
 25875 | Elf:2    | Found Nass's Jewellery Shoppe.
 25876 | Elf:2    | Found Toawk's Gadget Boutique.
 25905 | Elf:2    | Bought the ring "Wateal" {rElec Will+} for 585 gold pieces
 26108 | Elf:2    | Found a runed translucent gate.
 26115 | Elf:2    | Found a runed translucent gate.
 26116 | Elf:2    | Found a runed translucent gate.
 26124 | Elf:2    | Reached skill level 21 in Axes
 26155 | Elf:2    | Received a gift from Trog
 26404 | Elf:2    | Found Nunlauky's Gadget Emporium.
 27094 | Elf:2    | Noticed a deep elf blademaster
 27322 | Elf:2    | Killed a deep elf blademaster
 27943 | Elf:2    | Received a gift from Trog
 27944 | Elf:2    | Reached XP level 17. HP: 155/161 MP: 5/16
 28045 | Elf:2    | Reached skill level 10 in Evocations
 28375 | Elf:3    | Entered Level 3 of the Elven Halls
 28448 | Elf:3    | Found a transporter.
 28513 | Elf:3    | Found a transporter.
 28909 | Elf:3    | Identified the amulet "Fatrouc" {Spirit rC+}
 29122 | Elf:3    | Noticed MercyWheel's ghost (adept DsGl)
 29133 | Elf:3    | Identified the +10 rapier of Laceration {distort, rElec}
 29133 | Elf:3    | Noticed a deep elf blademaster
 29462 | Elf:3    | Paralysed by a floating eye for 4 turns
 29576 | Elf:3    | Received a gift from Trog
 29834 | Elf:3    | Noticed a deep elf master archer
 29913 | Elf:3    | Identified the +1 chain mail "Reyst" {*Corrode rElec rF+++}
 29913 | Elf:3    | Identified the ring "Riluona" {Wiz Dex+4}
 29913 | Elf:3    | Noticed a deep elf blademaster
 29929 | Elf:3    | Killed a deep elf blademaster
 30060 | Elf:3    | Noticed a Brimstone Fiend
 30693 | D:15     | Found Muycs's Gadget Boutique.
 30841 | D:15     | Found a staircase to the Depths.
 31547 | D:15     | Reached skill level 15 in Armour
 32457 | Spider:1 | Entered Level 1 of the Spider Nest
 32947 | Spider:1 | Received a gift from Trog
 33087 | Spider:1 | Got a warped iron ring
 33089 | Spider:1 | Identified the ring of Patience {rC+ Int+6} (You found it
                  | on level 1 of the Spider Nest)
 33925 | Spider:1 | Reached XP level 18. HP: 161/172 MP: 5/17
 34371 | Spider:2 | Received a gift from Trog
 36760 | Spider:3 | Received a gift from Trog
 37233 | Spider:4 | Entered Level 4 of the Spider Nest
 37928 | Spider:4 | Reached skill level 15 in Dodging
 38108 | Spider:4 | Noticed Louise
 38343 | Spider:4 | Noticed Asterion
 38352 | Spider:4 | Noticed Bai Suzhen
 38353 | Spider:4 | Killed Asterion
 38355 | Spider:4 | Received a gift from Trog
 38443 | Spider:4 | Killed Bai Suzhen
 38778 | Spider:4 | Noticed Roxanne
 39043 | Spider:3 | Killed Louise
 39349 | Spider:4 | Found a runed translucent gate.
 39349 | Spider:4 | Found a runed translucent gate.
 39349 | Spider:4 | Found a runed translucent gate.
 39353 | Spider:4 | Noticed Caerwyn's ghost (adept VSFi)
 39353 | Spider:4 | Noticed thesequoiad's ghost (adept MiFi)
 39408 | Spider:4 | Killed Roxanne
 40095 | Spider:4 | Got a gossamer rune of Zot
 40359 | Shoals:1 | Entered Level 1 of the Shoals
 40850 | Elf:3    | Cast into level 2 of the Abyss (a deep elf demonologist)
 40858 | Abyss:2  | Found a corrupted altar of Lugonu.
 41019 | Abyss:2  | Reached XP level 19. HP: 112/183 MP: 6/18
 41024 | Abyss:2  | Received a gift from Trog
 41026 | Abyss:2  | Got a slimy hand axe {god gift}
 41027 | Abyss:2  | Identified the +8 hand axe "Zirphueqe" {vorpal, rC+ Will+++
                  | Stlth-} (Trog gifted it to you on level 2 of the Abyss)
 41073 | Elf:3    | Escaped the Abyss
 41115 | Elf:3    | Identified the +8 long sword "Rahobb" {pain, rElec rF+
                  | Dex+3}
 41243 | Elf:3    | Gained mutation: Armour fits poorly on your strangely
                  | shaped body. [a cacodemon]
 41248 | Elf:3    | Gained mutation: Potions are less effective at restoring
                  | your health. [a cacodemon]
 41872 | Elf:3    | Got a steaming hand crossbow
 41873 | Elf:3    | Identified the cursed +0 hand crossbow of Greed {elec,
                  | rPois Int+4} (You found it on level 3 of the Elven Halls)
 41968 | Elf:3    | Killed from afar by a deep elf death mage

Illustrated notes

Levels and vault maps discovered:
D:1:      erik_arrival_triangle_small, layout_loops_corners
D:2:      layout_basic, grunt_ministairs_8, lemuel_tele_altar
D:3:      layout_basic, good_gods_mini_temple, led_sif_pool
D:4:      layout_basic, nicolae_gozag_cash_rules_everything_around_me,
          uniq_robin, uniq_grinder
D:5:      layout_layer_cave, fedhas_altar_3
D:6:      layout_basic, kennysheep_mini_moat, gup_sewer_entry_bowl,
          elyvilon_altar_3
D:7:      layout_loops_ring, temple_pool_b
D:8:      layout_loops_cross, lemuel_coloured_pillars_altar, hex_tiny,
          kennysheep_generic_room_14, uniq_erica, uniq_maurice,
          uniq_prince_ribbit1
D:9:      layout_rooms, gammafunk_temple_overflow_wave, kennysheep_mini,
          lair_entry_dummy, serial_ice, serial_ice_d, serial_ice_c,
          serial_ice_f, serial_ice_b, serial_shops, shop, serial_park_tiny_pond
D:10:     layout_small_grid, basic_altar
D:11:     layout_rooms, orc_0_dummy, uniq_erolcha, uniq_urug, uniq_grum
D:12:     layout_roguey [special_room_orc], serial_shops,
          nicolae_shop_temple_entry_statues_fountains, uniq_snorg
D:13:     layout_rooms, kennysheep_big_empty_room
D:14:     layout_layer_cave, david_vaults_5, serial_shops, shop
D:15:     gammafunk_depths_entry_grave, layout_basic, serial_shops, shop
Lair:1:   layout_roguey, beast_lair_carwin_10
Lair:2:   layout_concentric_octagons, minivault_29, minmay_lair_oklob_chamber
Lair:3:   layout_chaotic_city, minmay_shoals_entry_beasts,
          nicolae_spider_entry_orb_guardian, chequers_serial_rivers_large_a,
          gammafunk_lair_bear_cave, uniq_rupert
Lair:4:   layout_cave_pods, grunt_forest_large_clearing_hut
Lair:5:   layout_regular_city, grunt_megastairs_3, lemuel_fruit_tree
Lair:6:   grunt_lair_end_beastmaster, layout_big_grid,
          dpeg_slime_entry_enclosed_altar, portal_ice_cave_rime
Shoals:1: layout_shoals, nicolae_shoals_kraken_intersection
Spider:1: nicolae_spider_corner
Spider:2: layout_chambers
Spider:3: layout_spider_delve, drop_trap
Spider:4: grunt_spider_rune_circles, gammafunk_ghost_cemetery, uniq_bai_suzhen,
          uniq_roxanne, uniq_louise, uniq_asterion
Orc:1:    layout_caves, minmay_orc_barracks
Orc:2:    st_orc_pillars, layout_diamond_mine, amcnicky_altar_lugonu_corruption,
          uniq_donald
Elf:1:    eino_elf_arrival_the_gate, layout_geoelf_diagonals,
          hangedman_elven_crosses_minicolossus
Elf:2:    layout_loops_corners, serial_shops,
          nicolae_shop_temple_entry_statues_fountains, minmay_shop_grove
Elf:3:    elf_hall_gauntlet_wide, layout_geoelf_castle,
          gammafunk_ghost_abyssal_escape

Skill      XL: |  1  2  3  4  5  6  7  8  9 10 11 12 13 14 15 16 17 18 |
---------------+-------------------------------------------------------+-----
Axes           | 4 5 7 8 9 10 13 16 17 21 | 21.0
Shields        | 2 4 7 10 11 12 15 | 15.1
Fighting       | 6 7 8 10 13 16 17 18 19 | 19.9
Armour         | 5 10 12 13 15 | 15.2
Dodging        | 3 8 10 12 15 | 15.0
Evocations     | 4 6 7 9 10 11 | 11.1
Maces & Flails | 1 |  1.0

Action                   |  1- 3 |  4- 6 |  7- 9 | 10-12 | 13-15 | 16-18 | 19-21 || total
-------------------------+-------+-------+-------+-------+-------+-------+-------++-------
Melee: Hand axe          |    76 |    58 |       |       |       |    76 |    45 ||   255
       Headbutt          |    11 |    26 |    58 |   187 |   413 |   422 |    15 ||  1132
       War axe           |       |    87 |   352 |   524 |  1087 |  1000 |     6 ||  3056
       Battleaxe         |       |       |       |       |       |    37 |       ||    37
 Fire: Hand crossbow     |       |       |       |       |       |    10 |     4 ||    14
Throw: Javelin           |       |       |       |       |     2 |    20 |       ||    22
       Boomerang         |       |       |       |       |       |    80 |     2 ||    82
Invok: Berserk           |     1 |     2 |     4 |     3 |     3 |     7 |     1 ||    21
       Trog's Hand       |       |       |     2 |     5 |     4 |     4 |     3 ||    18
       Brothers in Arms  |       |       |     1 |     3 |     2 |     3 |     2 ||    11
Evoke: Wand              |       |       |       |     3 |    12 |     9 |     1 ||    25
       Phantom mirror    |       |       |       |       |       |     1 |       ||     1
  Use: Scroll            |       |       |     7 |    19 |     8 |     9 |     3 ||    46
       Potion            |       |       |     1 |     3 |       |     2 |     2 ||     8
 Stab: Invisible         |       |       |       |     5 |       |       |       ||     5
       Petrified         |       |       |       |       |     6 |       |       ||     6
       Petrifying        |       |       |       |       |     4 |       |       ||     4
       Distracted        |       |       |       |       |       |     1 |       ||     1
       Paralysed         |       |       |       |       |       |     2 |       ||     2
Armor: Animal skin       |     8 |       |       |       |       |       |       ||     8
       Ring mail         |       |    39 |    12 |       |       |       |       ||    51
       Chain mail        |       |       |   150 |   104 |       |       |       ||   254
       Scale mail        |       |       |       |    17 |   262 |   366 |     7 ||   652
Dodge: Dodged            |    31 |    58 |   109 |    85 |   372 |   763 |    27 ||  1445
Block: Buckler           |     9 |    32 |    29 |       |       |       |       ||    70
       Tower shield      |       |       |   174 |   396 |   784 |       |       ||  1354
       Kite shield       |       |       |       |       |   103 |   337 |    26 ||   466
       Reflection        |       |       |       |       |     6 |    39 |     4 ||    49
